 Dungeon Crawl Stone Soup version 0.32-a0-350-g4f4d228785 (webtiles) character file.

Game seed: 2076160926841090779

13707 Aldia the Reanimator (level 11, -2/80 HPs)
             Began as a Mummy Necromancer on Feb 17, 2024.
             Was a Believer of Hepliaklqana.
             Incinerated by a deep elf pyromancer (21 damage)
             ... with a pyre arrow
             ... on level 10 of the Dungeon.
             The game lasted 00:26:15 (10609 turns).

Aldia the Reanimator (Mummy Necromancer)           Turns: 10609, Time: 00:26:16

Health: -2/80      AC: 24    Str: 12    XL:     11   Next: 79%
Magic:  23/23      EV: 11    Int: 19    God:    Hepliaklqana [**....]
Gold:   804        SH:  0    Dex: 18    Spells: 10/26 levels left

rFire   x . .        v - +2 quarterstaff of the Uplifting Gods {venom, rElec rC+ rN+}
rCold   + + +        (shield currently unavailable)
rNeg    + + +        q - +7 Kryia's mail coat {PotionHeal*2 rC+}
rPois   ∞            H - +0 helmet
rElec   +            j - +1 cloak
rCorr   +            f - +2 pair of gloves
SInv    .            r - +2 pair of boots
Will    +....        p - amulet of magic regeneration
Stlth   +            u - +6 ring of dexterity
HPRegen 0.33/turn    x - ring of resist corrosion
MPRegen 0.58/turn

%: faith
@: on fire, glowing
A: reduced essence, cold resistance 1, negative energy resistance 3, torment
resistance 2, heat vulnerability 1, in touch with death 1, no potions, faith
a: Renounce Religion, Recall Ancestor, Ancestor Identity


You were on level 10 of the Dungeon.
You worshipped Hepliaklqana.
Hepliaklqana was pleased with you.
You visited 2 branches of the dungeon, and saw 11 of its levels.
You also visited: Sewer.

You collected 906 gold pieces.
You spent 102 gold pieces at shops.

Inventory:

Hand Weapons
 c - a +0 dagger
 d - a +1 whip of venom
 m - a +0 trident
 v - the +2 quarterstaff of the Uplifting Gods (weapon) {venom, rElec rC+ rN+}
   (You found it on level 6 of the Dungeon)

   rC+:       It protects you from cold.
   rElec:     It insulates you from electricity.
   rN+:       It protects you from negative energy.
Missiles
 h - 6 curare-tipped darts
 y - 4 throwing nets
Armour
 a - a +0 robe
 f - a +2 pair of gloves (worn)
 j - a +1 cloak (worn)
 q - the +7 Kryia's mail coat (worn) {PotionHeal*2 rC+}
   (You found it on level 4 of the Dungeon)

   PotionHeal*2: Potions heal its wearer twice as much.
   rC+:       It protects you from cold.
 r - a +2 pair of boots (worn)
 s - a scarf of repulsion
 A - +0 steam dragon scales
 H - a +0 helmet (worn)
Magical Staves
 t - a staff of conjuration
 D - a staff of death
Jewellery
 p - an amulet of magic regeneration (around neck)
 u - a +6 ring of dexterity (left hand)
 x - a ring of resist corrosion (right hand)
 F - an amulet of regeneration
 J - an amulet of reflection
Wands
 z - a wand of flame (14)
 E - a wand of polymorph (15)
 I - a wand of digging (5)
Scrolls
 b - 3 scrolls of fear
 e - 4 scrolls of fog
 g - 2 scrolls of enchant weapon
 i - 2 scrolls of noise
 k - 2 scrolls of brand weapon
 l - 4 scrolls of poison
 n - 3 scrolls of teleportation
 o - 2 scrolls of blinking
 w - 4 scrolls of immolation
 B - 3 scrolls of identify
 C - a scroll of summoning
 G - a scroll of torment


   Skills:
 + Level 9.0 Fighting
 * Level 7.1(7.4) Polearms
 + Level 3.1(5.5) Staves
 + Level 5.4 Armour
 - Level 5.1 Dodging
 - Level 1.5 Stealth
 - Level 8.1 Spellcasting
 - Level 10.0 Necromancy


You had 10 spell levels left.
You knew the following spells:

 Your Spells              Type           Power      Damage    Failure   Level
a - Necrotise             Necr           100%       1d9       1%          1
b - Vampiric Draining     Necr           62%        2d10      1%          3
c - Animate Dead          Necr           62%        N/A       7%          4
d - Curse of Agony        Necr           62%        N/A       19%         5
e - Fugue of the Fallen   Necr           62%        N/A       1%          3

Your spell library contained the following spells:

 Spells                   Type           Power      Damage    Failure   Level
 Shock                    Conj/Air       28%        1d4       38%         1
 Jinxbite                 Hex            14%        N/A       52%         2
 Lesser Beckoning         Tloc           14%        N/A       52%         2
 Gell's Gravitas          Tloc           7%         N/A       77%         3
 Hailstorm                Conj/Ice       7%         3d5       77%         3
 Ozocubu's Armour         Ice            7%         N/A       77%         3
 Summon Ice Beast         Ice/Summ       7%         N/A       77%         3
 Swiftness                Air            7%         N/A       77%         3
 Teleport Other           Tloc           7%         N/A       77%         3
 Airstrike                Air            3%         2d(1-17)  99%         4
 Manifold Assault         Tloc           7%         N/A       99%         4
 Yara's Violent Unravell  Hex/Alch       3%         3d4       100%        5
 Sculpt Simulacrum        Ice/Alch       3%         N/A       100%        6
 Enfeeble                 Hex            3%         N/A       100%        7


Dungeon Overview and Level Annotations

Branches:
Dungeon (10/15)            Temple (1/1) D:6            Lair (0/5) D:9
    Orc (0/2) D:9           Sewer (visited)

Altars:
Ashenzari
Cheibriados
Dithmenos
Fedhas
Gozag
Hepliaklqana
Kikubaaqudgha
Makhleb
Nemelex Xobeh
Okawaru
Qazlal
Ru
Sif Muna
Trog
Uskayaw
Vehumet
Wu Jian
Xom
Yredelemnul

Shops:
D:2 ?   D:3 *   D:7 :!   D:9 [

Annotations:
D:9 2 runed translucent doors, scarr's ghost, novice DrSh


Innate Abilities, Weirdness & Mutations

Your life essence is reduced to manifest your ancestor. (-10% HP)
You are immune to poison.
Your flesh is cold resistant. (rC+)
You are immune to negative energy. (rN+++)
You are immune to unholy pain and torment.
You are vulnerable to heat. (rF-)
You are in touch with the powers of death.
You do not drink.
You have a special connection with the divine. (Faith)


Message History

The deep elf pyromancer hits you but does no damage.
Unknown command.
You barely miss the deep elf pyromancer.
The deep elf pyromancer is lightly wounded.
Your kobold zombie barely misses the deep elf pyromancer.
The deep elf pyromancer misses you.
Your kobold zombie barely misses the deep elf pyromancer.
Unknown command.
You thump the deep elf pyromancer!
The deep elf pyromancer is heavily wounded.
The deep elf pyromancer casts a spell at you.
The pyre arrow hits you.
You are covered in intense liquid fire!
Unknown command.
You barely miss the deep elf pyromancer.
The deep elf pyromancer is heavily wounded.
The liquid fire burns you!
Your kobold zombie barely misses the deep elf pyromancer.
The deep elf pyromancer hits you with a +0 rapier.
Your two-headed ogre zombie closely misses the deep elf pyromancer.
Your two-headed ogre zombie hits the deep elf pyromancer.
You are too injured to fight recklessly!
Unknown command.
You are too injured to fight recklessly!
Unknown command.
You are too injured to fight recklessly!
Unknown command.
You swap places.
You shake off some of the fire as you move.
The liquid fire burns you!
* * * LOW HITPOINT WARNING * * *
Your kobold zombie barely misses the deep elf pyromancer.
Thutmose closely misses the deep elf pyromancer.
The deep elf pyromancer hits your yak zombie but does no damage.
Your yak zombie closely misses the deep elf pyromancer.
You can't drink.
You shake off some of the fire as you move.
The liquid fire burns you!
You die...
Hepliaklqana delivers you to your ancestors.

#... ... ..<#.## #...
.###.. #... " #...
......##..#.# #...
.......#..#.# ############
............ ...........Z
......Z...# .!.........Z
..$...ZZZ.## ###.....###
!.....eZ.@.##### #.###.# #
.......RZ......###.###.# #
.....#####.††.$##...##.###
.... #.)...#........ZZ ...
#.....#....ZZ.Z.. #.
#.....#..R...Z... .
#....Z#.........#
+...............#
#......#...#....#


You could see the friendly Thutmose the knight, a deep elf pyromancer (poisoned,
ally target), 4 friendly yak zombies, 2 friendly kobold zombies and a friendly
two-headed ogre zombie.

Vanquished Creatures
  Harold (D:10)
  Erica (D:8)
  2 two-headed ogres
  Pikel (D:8)
  A komodo dragon (D:9)
  2 trolls
  2 hornets
  11 yaks
  2 wyverns (D:7)
  A basilisk (D:9)
  A steam dragon (D:7)
  3 acid dragons
  2 sky beasts (D:6)
  An ice beast (D:7)
  A black bear (D:5)
  A hornet zombie (D:7)
  2 orc warriors
  4 ogres
  2 centaurs
  2 wolves (D:8)
  6 kobold brigands
  A weeping skull (D:7)
  A brain worm (Sewer)
  A bullfrog (D:7)
  A gnoll sergeant (D:9)
  2 scorpions (D:7)
  2 wyvern zombies (D:7)
  9 wights (D:9)
  7 killer bees
  2 howler monkeys
  2 bombardier beetles
  2 centaur zombies (D:7)
  6 hounds
  A gnoll bouda (D:6)
  3 jellies
  6 orc priests
  A human zombie (D:7)
  Jessica (D:2)
  2 sleepcaps
  4 iguanas
  2 orc wizards
  A killer bee zombie (D:7)
  2 howler monkey zombies (D:7)
  10 gnolls
  11 adders
  A river rat (Sewer)
  A shadow imp (D:6)
  2 white imps
  4 ribbon worms
  A dart slug (D:4)
  8 orcs
  6 bats
  9 endoplasms
  6 giant cockroaches
  6 goblins
  10 hobgoblins
  4 jackals
  6 quokkas
  14 ball pythons
  4 frilled lizards
  15 kobolds
  5 rats
231 creatures vanquished.

Vanquished Creatures (collateral kills)
  2 komodo dragons (D:9)
  A hornet (D:8)
  4 yaks
  A wraith (D:7)
  Grum (D:8)
  An acid dragon (D:9)
  An ice beast (D:6)
  An orc warrior (D:8)
  A hornet zombie (D:7)
  A wolf (D:8)
  2 centaurs
  A kobold brigand (D:8)
  A bullfrog (D:7)
  A brain worm (Sewer)
  6 wights
  2 killer bees (D:10)
  A howler monkey (D:7)
  2 orc wizards (D:8)
  A killer bee zombie (D:7)
  3 gnolls (D:6)
  A shadow imp (D:8)
  A ribbon worm (D:2)
  2 orcs
  A bat (D:2)
  A giant cockroach (D:1)
  3 hobgoblins (D:6)
  5 kobolds
48 creatures vanquished.

Vanquished Creatures (others)
  2 yak zombies (D:8)
  3 kobold zombies (D:8)
  An ogre zombie (D:6)
  An acid dragon zombie (D:9)
  7 ancestors
  A hound zombie (D:6)
  5 orc zombies
  2 gnoll zombies (D:6)
  4 hobgoblin zombies (D:6)
26 creatures vanquished.

Grand Total: 305 creatures vanquished

Notes
Turn   | Place    | Note
-------+----------+-------------------------------------------
     0 | D:1      | Aldia the Mummy Necromancer began the quest for the Orb.
     0 | D:1      | Reached XP level 1. HP: 13/13 MP: 4/4
   140 | D:1      | Reached XP level 2. HP: 18/20 MP: 2/5
   561 | D:1      | Reached skill level 1 in Fighting
   561 | D:1      | Reached XP level 3. HP: 26/26 MP: 3/7
   565 | D:1      | Learned a level 3 spell: Vampiric Draining
  1209 | D:2      | Noticed Jessica
  1211 | D:2      | Killed Jessica
  1212 | D:2      | Reached XP level 4. HP: 32/32 MP: 7/9
  1219 | D:2      | Learned a level 4 spell: Animate Dead
  1435 | D:2      | Reached skill level 5 in Necromancy
  1622 | D:2      | Found Antyengo's Magic Scroll Shoppe.
  1628 | D:2      | Reached XP level 5. HP: 38/38 MP: 6/10
  1664 | D:2      | Bought 3 scrolls of identify for 72 gold pieces
  2299 | D:3      | Found Moacs's General Store.
  2306 | D:3      | Bought a scroll of teleportation for 30 gold pieces
  2310 | D:3      | You fall into a shaft and drop 1 floor!
  2376 | D:4      | Found a glowing drain.
  2385 | Sewer    | Entered a sewer
  2542 | Sewer    | Reached XP level 6. HP: 46/46 MP: 5/12
  2837 | Sewer    | Reached skill level 6 in Necromancy
  2869 | Sewer    | Reached XP level 7. HP: 32/52 MP: 0/14
  3365 | D:4      | Found the +7 Kryia's mail coat {PotionHeal*2 rC+}
  3911 | D:4      | Reached skill level 5 in Spellcasting
  4171 | D:5      | Entered Level 5 of the Dungeon
  4367 | D:5      | Found a radiant altar of Vehumet.
  4485 | D:5      | Reached skill level 7 in Necromancy
  4609 | D:5      | Reached XP level 8. HP: 48/60 MP: 12/16
  5241 | D:6      | Reached skill level 8 in Necromancy
  5333 | D:6      | Identified the +2 quarterstaff of the Uplifting Gods
                  | {venom, rElec rC+ rN+}
  5398 | D:6      | Found a staircase to the Ecumenical Temple.
  5411 | Temple   | Entered the Ecumenical Temple
  5486 | Temple   | Became a worshipper of Hepliaklqana the Forgotten
  5718 | D:6      | Reached skill level 5 in Fighting
  5842 | D:6      | Reached XP level 9. HP: 43/68 MP: 7/19
  6351 | D:7      | Noticed a walking crystal tome
  6351 | D:7      | Found Tumujun's Book Boutique.
  6371 | D:7      | Noticed a walking earthen tome
  6397 | D:7      | Reached skill level 9 in Necromancy
  6405 | D:7      | Noticed a troll
  6412 | D:7      | Reached skill level 5 in Dodging
  6413 | D:7      | Killed a troll
  6570 | D:7      | Reached * piety under Hepliaklqana
  6627 | D:7      | Reached skill level 1 in Armour
  6634 | D:7      | Reached skill level 10 in Necromancy
  6818 | D:7      | Reached XP level 10. HP: 69/69 MP: 19/22
  6907 | D:7      | Found a stormy altar of Qazlal.
  6949 | D:7      | Found Oginie's Distillery.
  7101 | D:7      | Found a basalt altar of Yredelemnul.
  7114 | D:7      | Reached skill level 1 in Polearms
  7462 | D:8      | Noticed Erica
  7478 | D:8      | Killed Erica
  7554 | D:8      | Noticed Pikel
  7570 | D:8      | Killed Pikel
  7750 | D:8      | Noticed Grum
  7769 | D:8      | Killed Grum
  8069 | D:8      | Your ally Pikel died
  8388 | D:9      | Found Jeshriaw's Armour Shoppe.
  8402 | D:9      | Reached skill level 5 in Polearms
  8402 | D:9      | Found a staircase to the Orcish Mines.
  8472 | D:9      | Reached XP level 11. HP: 38/77 MP: 23/23
  8722 | D:9      | Reached skill level 1 in Staves
  9361 | D:9      | Found a staircase to the Lair.
  9434 | D:9      | Learned a level 5 spell: Curse of Agony
  9475 | D:9      | Noticed a two-headed ogre
  9485 | D:9      | Killed a two-headed ogre
  9567 | D:9      | Reached ** piety under Hepliaklqana
  9568 | D:9      | Remembered your ancestor Thutmose as a knight
  9791 | D:9      | Reached skill level 5 in Armour
  9994 | D:9      | Found a bloodstained altar of Trog.
 10053 | D:9      | Found a large runed translucent door.
 10053 | D:9      | Found a large runed translucent door.
 10054 | D:9      | Noticed scarr's ghost (novice DrSh)
 10243 | D:10     | Entered Level 10 of the Dungeon
 10294 | D:10     | Noticed a two-headed ogre
 10300 | D:10     | Killed a two-headed ogre
 10368 | D:10     | Noticed Harold
 10400 | D:10     | Killed Harold
 10413 | D:10     | Learned a level 3 spell: Fugue of the Fallen
 10587 | D:10     | Noticed a deep elf pyromancer
 10609 | D:10     | Incinerated by a deep elf pyromancer

Illustrated notes

Levels and vault maps discovered:
D:1:      dpeg_arrival_windows_large_door, layout_basic, minmay_cut_off
D:2:      minmay_angry_zag, layout_basic, serial_shops, nicolae_shop_trees,
          minmay_tiny_reverse_x, uniq_jessica
D:3:      layout_basic, mainiacjoe_overflow_brackets, serial_shops, shop,
          minmay_tree_intersection, hangedman_glass_teeth
D:4:      layout_cave_pools, cheibrodos_sewer_entry_drain
D:5:      layout_basic, nicolae_vehumet_radiance
D:6:      kennysheep_housing_project, layout_rooms, minmay_temple_entry_statues
D:7:      hangedman_cross_stitches, layout_cave_pools,
          lemuel_mausoleum_altar_yredelemnul, mainiacjoe_overflow_alcove_4,
          serial_shops, nicolae_shop_back_alley_shop, nicolae_shop_mannequins,
          nicolae_underground_beach
D:8:      layout_rooms, uniq_erica, uniq_grum, uniq_pikel
D:9:      layout_loops_ring, mainiacjoe_overflow_alcove_1, erik_lair_dragon,
          orc_david_3, ebering_ghost_disaster_area
D:10:     layout_basic, uniq_harold
Temple:   minmay_temple_bridge_d

Skill      XL: |  1  2  3  4  5  6  7  8  9 10 11 |
---------------+----------------------------------+-----
Spellcasting   | 3 4 5 6 8 |  8.1
Fighting       | 1 2 3 5 6 7 9 |  9.0
Dodging        | 2 3 4 5 |  5.1
Necromancy     | 5 6 7 8 10 | 10.0
Armour         | 1 4 5 |  5.4
Polearms       | 5 7 |  7.1
Staves         | 3 |  3.1
Stealth        | |  1.5

Action                     |  1- 3 |  4- 6 |  7- 9 | 10-12 || total
---------------------------+-------+-------+-------+-------++-------
  Melee: Whip              |       |    10 |    54 |       ||    64
         Quarterstaff      |       |       |    27 |   370 ||   397
   Cast: Necrotise         |    45 |    96 |   286 |    13 ||   440
         Vampiric Draining |       |       |    22 |    10 ||    32
         Animate Dead      |       |       |     3 |     7 ||    10
         Curse of Agony    |       |       |       |     2 ||     2
 Invoke: Ancestor Identity |       |       |       |     1 ||     1
         Ancestor Life: Kn |       |       |       |     1 ||     1
    Use: Scroll            |     5 |     4 |     6 |     3 ||    18
   Stab: Distracted        |       |       |       |     6 ||     6
 Armour: Robe              |     2 |    18 |    32 |       ||    52
         Scale mail        |       |       |   176 |   418 ||   594
  Dodge: Dodged            |     9 |    18 |   157 |   271 ||   455

Table legend: (Time is in decaauts)
 A = Elapsed time spent in this place.
 B = Non-inter-level travel time spent in this place.
 C = Inter-level travel time spent in this place.
 D = Time resting spent in this place.
 E = Time spent auto-exploring this place.
 F = Levels seen in this place.
 G = Mean time per level.
                   A        B        C        D        E       F      G
               +--------+--------+--------+--------+--------+-----+--------+
         Total |  10829 |  10310 |    519 |    179 |   7754 |  12 |  902.4 |
       Dungeon |   9604 |   9226 |    378 |    179 |   6950 |  10 |  960.4 |
        Temple |    143 |      2 |    141 |      0 |      0 |   1 |  143.0 |
         Sewer |   1081 |   1081 |      0 |      0 |    803 |   1 | 1081.0 |
               +--------+--------+--------+--------+--------+-----+--------+

Top non-repeatable levels by time:
     D:9: 1884 daAuts
     D:7: 1116 daAuts
   Sewer: 1081 daAuts
     D:6: 1035 daAuts
     D:5: 1028 daAuts
     D:8: 936 daAuts
     D:1: 904 daAuts
     D:3: 903 daAuts
     D:2: 898 daAuts
     D:4: 528 daAuts
    D:10: 369 daAuts
  Temple: 143 daAuts
